 Dungeon Crawl Stone Soup version 0.29-a0-911-g88e6f02907 (webtiles) character file.

Game seed: 4487176794886694267

131488 Pooter the Marksminotaur (level 16, -25/149 HPs)
             Began as a Minotaur Berserker on July 23, 2022.
             Was a High Priest of Trog.
             Hit by a large rock thrown by a cyclops (29 damage)
             ... on level 14 of the Dungeon on July 25, 2022.
             The game lasted 02:31:05 (26819 turns).

Pooter the Marksminotaur (Minotaur Berserker)      Turns: 26819, Time: 02:31:05

Health: -25/149    AC: 28    Str: 37    XL:     16   Next: 55%
Magic:  15/15      EV: 12    Int:  6    God:    Trog [*****.]
Gold:   1405       SH:  5    Dex: 17    Spells: 15/15 levels left

rFire   . . .      SeeInvis .   b - +6 arbalest (flame)
rCold   . . .      Faith    .   (shield currently unavailable)
rNeg    . . .      Spirit   .   C - +11 chain mail of the Wilderness {rElec Str+6 Dex-2 Stlth+}
rPois   .          Reflect  +   (helmet restricted)
rElec   +          Harm     .   n - +0 cloak
rCorr   .          Rampage  .   o - +3 pair of gauntlets of War {Slay+5}
Will    +....                   l - +2 pair of boots {Fly}
Stlth   ..........              w - amulet of reflection
HPRegen 0.34/turn               M - +6 ring of strength
MPRegen 0.14/turn               z - +6 ring of dexterity

@: on berserk cooldown, flying, slowed, studying Invocations, very slow
A: horns 2, retaliatory headbutt
a: Renounce Religion, Berserk, Trog's Hand, Brothers in Arms


You were on level 14 of the Dungeon.
You worshipped Trog.
Trog was extremely pleased with you.
You visited 3 branches of the dungeon, and saw 21 of its levels.
You also visited: Bailey and Ice Cave.

You collected 2400 gold pieces.
You spent 995 gold pieces at shops.

Inventory:

Hand Weapons
 a - a +5 battleaxe of draining
   (You took it off Urug on level 4 of the Lair of Beasts)
 b - a +6 arbalest of flaming (weapon)
   (You bought it in a shop on level 1 of the Dungeon)
 W - a +5 battleaxe of flaming
   (You took it off Rupert on level 4 of the Lair of Beasts)
Missiles
 r - 4 silver javelins
 y - 11 javelins
 B - 67 poisoned darts
 F - 2 throwing nets {!f}
 O - 5 silver boomerangs
 Q - 14 boomerangs
 Y - 2 curare-tipped darts
Armour
 e - a +3 plate armour
   (You took it off a vault guard in a bailey)
 l - a +2 pair of boots of flying (worn)
   (You bought it in a shop on level 2 of the Orcish Mines)
 n - a +0 cloak (worn)
   (You found it on level 7 of the Dungeon)
 o - the +3 pair of gauntlets of War (worn) {Slay+5}
   (You acquired it on level 8 of the Dungeon)

   Slay:      It affects your accuracy & damage with ranged weapons and melee
   (+5).
 C - the +11 chain mail of the Wilderness (worn) {rElec Str+6 Dex-2 Stlth+}
   (You took it off an orc on level 9 of the Dungeon)

   Str:       It affects your strength (+6).
   Dex:       It affects your dexterity (-2).
   rElec:     It insulates you from electricity.
   Stlth:     It makes you more stealthy.
Jewellery
 h - an amulet of regeneration
   (You found it on level 2 of the Dungeon)
 j - a ring of willpower
   (You found it on level 2 of the Dungeon)
 w - an amulet of reflection (around neck)
   (You found it on level 3 of the Dungeon)
 z - a +6 ring of dexterity (right hand)
   (You found it on level 2 of the Lair of Beasts)
 M - a +6 ring of strength (left hand)
   (You took it off a gnoll on level 8 of the Dungeon)
 P - a +4 ring of evasion
   (You found it on level 6 of the Dungeon)
 R - a ring of fire
   (You found it on level 7 of the Dungeon)
 U - a ring of protection from cold
   (You found it on level 7 of the Dungeon)
Wands
 d - a wand of iceblast (6)
   (You took it off Harold on level 9 of the Dungeon)
 f - a wand of flame (30)
   (You found it on level 5 of the Lair of Beasts)
 q - a wand of light (1)
   (You found it on level 9 of the Dungeon)
 u - a wand of paralysis (40)
   (You took it off Ijyb on level 3 of the Dungeon)
 I - a wand of mindburst (15)
   (You found it on level 7 of the Dungeon)
Scrolls
 g - a scroll of magic mapping
 m - 10 scrolls of noise {!r}
 t - 7 scrolls of teleportation {@r4}
 v - a scroll of poison {!r}
 J - a scroll of summoning
 N - 2 scrolls of butterflies
 S - 3 scrolls of fear
Potions
 c - 5 potions of might
 p - 4 potions of lignification {!q}
 s - 2 potions of heal wounds {@q2}
 A - 3 potions of cancellation
 D - a potion of resistance
 G - 11 potions of curing {@q1}
 K - 5 potions of mutation {!q}
 L - 2 potions of attraction {!q}
 T - 6 potions of haste {@q3}
 V - 2 potions of flight
Miscellaneous
 X - a box of beasts
   (You found it on level 5 of the Lair of Beasts)


   Skills:
 + Level 15.2 Fighting
 - Level 18.0 Axes
 - Level 18.2 Ranged Weapons
 + Level 4.1 Throwing
 - Level 2.4 Armour
 + Level 5.2 Dodging
 + Level 2.9 Stealth
 + Level 10.8 Evocations


You had 15 spell levels left.
You didn't know any spells.
Your spell library was empty.

Dungeon Overview and Level Annotations

Branches:
Dungeon (14/15)            Temple (0/1) D:5            Lair (5/5) D:9
 Shoals (0/4) Lair:3       Spider (0/4) Lair:3        Slime (0/5) Lair:5
    Orc (2/2) D:12            Elf (0/3) Orc:2        Vaults (0/5) D:13
 Bailey (visited)           IceCv (visited)

Altars:
Ashenzari
Fedhas
Gozag
Nemelex Xobeh
Okawaru
Qazlal
Sif Muna
Wu Jian
Zin

Shops:
D:1 (   D:8 (   D:9 (   D:12 =   Orc:2 ([(?


Innate Abilities, Weirdness & Mutations

You have a pair of horns on your head.
You reflexively headbutt those who attack you in melee.


Message History

Really read
v - 2 scrolls of poison {!r}?
Really read the scroll of poison?
The air fills with toxic fumes!
As you read the scroll of poison {!r}, it crumbles to dust.
You are no longer corroded.
You are too injured to fight recklessly!
Your +6 arbalest of flaming bursts into flame!
b - a +6 arbalest of flaming (weapon)
The frost giant is engulfed in poison gas.
The frost giant is poisoned.
Flame seeps out of the frost giant.
Fire: b) +6 arbalest (flame)
Aim: a frost giant, wielding a +1 battleaxe of freezing (poison gas, heavily wounded, inner flame, poisoned, 91% to hit)
You shoot a bolt. The bolt hits the frost giant!
Flame seeps out of the frost giant.
The bolt burns the frost giant.
Flame seeps out of the frost giant.
Flame seeps out of the frost giant. x2
The frost giant is engulfed in poison gas.
The frost giant looks even sicker.
Flame seeps out of the frost giant.
The frost giant casts a spell at you. The bolt of cold misses you.
The frost giant is engulfed in poison gas.
The frost giant looks even sicker.
Flame seeps out of the frost giant.
Fire: b) +6 arbalest (flame)
Aim: a frost giant, wielding a +1 battleaxe of freezing (poison gas, severely wounded, inner flame, very poisoned, 91% to hit)
You shoot a bolt. The bolt hits the frost giant.
Flame seeps out of the frost giant.
The bolt burns the frost giant.
Flame seeps out of the frost giant.
Flame seeps out of the frost giant.
The frost giant is engulfed in poison gas.
The frost giant looks as sick as possible!
Flame seeps out of the frost giant.
The frost giant gestures at you while chanting.
The bolt of cold hits you!
* * * LOW HITPOINT WARNING * * *
The frost giant is engulfed in poison gas.
The frost giant looks as sick as possible!
Flame seeps out of the frost giant.
Fire: b) +6 arbalest (flame)
Aim: a frost giant, wielding a +1 battleaxe of freezing (poison gas, almost dead, inner flame, extremely poisoned, 91% to hit)
You shoot a bolt. The bolt hits the frost giant!
The bolt burns the frost giant.
Trog accepts your kill.
Trog appreciates your killing of a magic user.
The frost giant explodes!
The fiery explosion engulfs you!!
* * * LOW HITPOINT WARNING * * *
A cyclops comes into view.
The cyclops is engulfed in poison gas.
The cyclops is poisoned.
The cyclops throws a large rock.
The large rock hits you!!
You die...

#..#..#..#
##.#
#..#..# .#
#..
#.##..#
##### #.
#§.# #....
#. #§.#
#.... #.
#☼§# #....
##§§##
#....
##§§§☼##
#....
#.####@#
#....
#.#:(#☼#
#....
#.#)!#☼#
#....
#.#++#§#
#....
#.#..#§#
#####
#.#.W#§#
#.>
#.#..#.#
#.#
#+#.C#C#
####'#
#B)#.#
#.....


You could see a cyclops (poisoned).

Vanquished Creatures
  Rupert (Lair:4)
  Jorgrun (D:14)
  2 azure jellies (IceCv)
  A frost giant (D:14)
  An orc warlord (Orc:2)
  A dire elephant (Lair:4)
  4 boulder beetles
  7 hydras
  Harold (D:9)
  2 vault guards (Bailey)
  Erica (D:8)
  2 ogre magi
  3 catoblepae
  6 centaur warriors
  7 two-headed ogres
  4 death yaks (Lair:5)
  A deep troll shaman (Lair:5)
  An orc high priest (Orc:2)
  3 tengu warriors
  Urug (Lair:4)
  Amaemon (Lair:3)
  A fire crab (Lair:5)
  9 skeletal warriors
  An orc knight (Orc:2)
  A wizard (D:13)
  A lindwurm (Lair:5)
  A deep elf pyromancer (D:14)
  6 cyclopes
  2 manticores (D:12)
  An oklob plant (Lair:3)
  4 ugly things
  Maurice (D:9)
  2 orc sorcerers (Orc:2)
  Joseph (D:10)
  2 ice statues (IceCv)
  A torpor snail (Lair:5)
  4 black mambas
  19 elephants
  2 gargoyles
  2 cane toads
  An orange demon (Lair:3)
  2 unseen horrors
  Psyche (D:9)
  3 kobold demonologists (D:11)
  4 tengu conjurers
  2 rime drakes
  7 komodo dragons
  An entropy weaver simulacrum (IceCv)
  A queen bee (Lair:2)
  4 trolls
  Prince Ribbit (D:7)
  2 meliai (shapeshifter) (D:14)
  3 polar bears
  A hornet (D:10)
  18 blink frogs
  30 slime creatures
  A vampire (D:12)
  3 shadows
  3 wraiths
  A hog (shapeshifter) (D:14)
  32 yaks
  5 wyverns
  2 vampire mosquitoes (D:12)
  3 basilisks
  4 humans (Bailey)
  A steam dragon (D:7)
  2 wargs (Orc:2)
  2 demonic crawler simulacra (IceCv)
  The ghost of NagohShan the Grave Robber, an amateur DENe (D:3)
  13 water moccasins
  4 ogres
  32 orc warriors
  3 ugly thing simulacra (IceCv)
  6 black bears
  5 centaurs
  11 wolves
  2 phantoms
  27 bullfrogs
  9 kobold brigands
  A gnoll sergeant (D:11)
  3 necrophages
  4 glowing shapeshifter simulacra (IceCv)
  2 scorpions
  3 wights (D:7)
  34 killer bees
  2 electric eels (D:6)
  4 howler monkeys
  4 hounds
  29 orc priests
  2 gnoll boudas
  2 jellies
  An iguana (D:5)
  Ijyb (D:3)
  25 orc wizards
  8 hell rats
  Robin (D:3)
  28 gnolls
  5 adders
  2 ufetubi
  A worm (D:2)
  2 dart slugs (D:5)
  105 orcs
  7 endoplasms
  6 giant cockroaches
  18 goblins
  19 hobgoblins
  4 jackals
  68 kobolds
  6 quokkas
  6 ball pythons
  9 bats
  5 frilled lizards
  4 rats
786 creatures vanquished.

Vanquished Creatures (others)
  An entropy weaver simulacrum (IceCv)
  An orc warrior (D:9)
  20 fungi
  30 plants
52 creatures vanquished.

Grand Total: 838 creatures vanquished

Notes
Turn   | Place    | Note
-------+----------+-------------------------------------------
     0 | D:1      | Pooter the Minotaur Berserker began the quest for the Orb.
     0 | D:1      | Reached XP level 1. HP: 19/19 MP: 0/0
    13 | D:1      | Found a faded altar of an unknown god.
   139 | D:1      | Reached XP level 2. HP: 24/27 MP: 1/1
   395 | D:1      | Found Roedes's Weapon Emporium.
   403 | D:1      | Bought a +0 sling for 21 gold pieces
   508 | D:1      | Reached ** piety under Trog
   523 | D:1      | Reached XP level 3. HP: 33/33 MP: 2/2
   779 | D:2      | Reached skill level 1 in Ranged Weapons
  1461 | D:2      | Reached XP level 4. HP: 41/41 MP: 3/3
  1465 | D:2      | Reached skill level 5 in Axes
  2095 | D:3      | Noticed Ijyb
  2104 | D:3      | Killed Ijyb
  2110 | D:3      | Noticed Robin
  2121 | D:3      | Killed Robin
  2224 | D:1      | Bought a +0 arbalest for 63 gold pieces
  2277 | D:3      | Identified the +3 rapier of Eternal War {flame, rPois rCorr
                  | Int+4 Dex-5}
  2397 | D:3      | Reached XP level 5. HP: 42/47 MP: 4/4
  2553 | D:3      | Found a runed translucent door.
  2555 | D:3      | Noticed NagohShan's ghost (amateur DENe)
  2746 | D:3      | Found a shimmering blue altar of Sif Muna.
  2756 | D:3      | Found a blossoming altar of Fedhas.
  2828 | D:3      | Killed NagohShan's ghost
  3016 | D:4      | Reached XP level 6. HP: 51/55 MP: 5/5
  3045 | D:4      | Reached skill level 5 in Fighting
  3127 | D:4      | Reached *** piety under Trog
  3628 | D:4      | Found a sparkling altar of Nemelex Xobeh.
  3665 | D:4      | Reached XP level 7. HP: 58/61 MP: 6/6
  3869 | D:5      | Entered Level 5 of the Dungeon
  3898 | D:5      | Reached skill level 5 in Ranged Weapons
  4134 | D:5      | Found a staircase to the Ecumenical Temple.
  4178 | D:5      | Reached skill level 1 in Evocations
  4318 | D:5      | Reached XP level 8. HP: 70/70 MP: 7/7
  4550 | D:5      | Found an ornate altar of the Wu Jian Council.
  4893 | D:6      | Found an opulent altar of Gozag.
  4894 | D:6      | Found a glowing silver altar of Zin.
  5610 | D:6      | Reached **** piety under Trog
  6308 | D:6      | Reached XP level 9. HP: 68/79 MP: 8/8
  6892 | D:7      | Noticed Prince Ribbit
  6899 | D:7      | Killed Prince Ribbit
  6900 | D:7      | Reached skill level 10 in Axes
  7358 | D:7      | Found a stormy altar of Qazlal.
  8246 | D:8      | Found Akalia's Antique Weapon Shop.
  8285 | D:8      | Identified a scroll of acquirement
  8286 | D:8      | Acquired the +3 pair of gauntlets of War {Slay+5}
  8286 | D:8      | Found the +3 pair of gauntlets of War {Slay+5}
  8336 | D:8      | Found a flagged portal.
  8351 | Bailey   | Entered a bailey
  8653 | Bailey   | Reached XP level 10. HP: 88/88 MP: 9/9
  8690 | Bailey   | Noticed a vault guard
  8698 | Bailey   | Killed a vault guard
  8780 | Bailey   | Noticed a vault guard
  8789 | Bailey   | Killed a vault guard
  8790 | Bailey   | Reached skill level 10 in Ranged Weapons
  8958 | D:8      | Reached skill level 5 in Evocations
  9354 | D:9      | Noticed Harold
  9728 | D:9      | Killed Harold
  9729 | D:9      | Noticed Psyche
  9738 | D:9      | Killed Psyche
  9765 | D:9      | Noticed Erica
  9781 | D:8      | Killed Erica
  9782 | D:8      | Reached XP level 11. HP: 69/97 MP: 10/10
 10017 | D:9      | Identified the +11 chain mail of the Wilderness {rElec
                  | Str+6 Dex-2 Stlth+}
 10173 | D:9      | Noticed Maurice
 10185 | D:9      | Killed Maurice
 10242 | D:9      | Found Tyutzi's Weapon Shop.
 10501 | D:9      | Found a staircase to the Lair.
 10557 | D:10     | Entered Level 10 of the Dungeon
 10557 | D:10     | Noticed a two-headed ogre
 10564 | D:10     | Killed a two-headed ogre
 11027 | D:10     | Noticed a two-headed ogre
 11033 | D:10     | Killed a two-headed ogre
 11163 | D:10     | Noticed Joseph
 11169 | D:10     | Killed Joseph
 11205 | D:10     | Reached skill level 10 in Fighting
 11998 | Lair:1   | Entered Level 1 of the Lair of Beasts
 12014 | Lair:1   | Upgraded the game from 0.29-a0-892-g2c4c91d9db to
                  | 0.29-a0-902-g0f71de6fce
 12112 | Lair:1   | Identified the +3 whip "Muisyini" {drain, rC- MP+9 Dex+5}
 12211 | Lair:1   | Noticed a catoblepas
 12220 | Lair:1   | Killed a catoblepas
 12368 | Lair:1   | Reached XP level 12. HP: 107/107 MP: 11/11
 12773 | D:1      | Bought a +6 arbalest of flaming for 561 gold pieces
 13291 | Lair:2   | Noticed a seven-headed hydra
 13297 | Lair:2   | Killed a seven-headed hydra
 13400 | Lair:2   | Reached ***** piety under Trog
 13605 | Lair:2   | Identified the +11 sling "Goocvesui" {speed, Fragile rN+
                  | rCorr Int-3 Stlth+}
 14091 | Lair:3   | Noticed Amaemon
 14099 | Lair:3   | Killed Amaemon
 14100 | Lair:3   | Reached skill level 15 in Axes
 14183 | Lair:3   | Found a frozen archway.
 14197 | IceCv    | Entered an ice cave
 15090 | IceCv    | Noticed an azure jelly
 15097 | IceCv    | Killed an azure jelly
 15233 | IceCv    | Found a viscous altar of Jiyva.
 15233 | IceCv    | Noticed an azure jelly
 15243 | IceCv    | Killed an azure jelly
 15244 | IceCv    | Reached XP level 13. HP: 83/116 MP: 12/12
 15374 | IceCv    | Got the +8 mace "Nuefeulais" {freeze, rF+ Str+2 SInv}
 15719 | Lair:3   | Found a hole to the Spider Nest.
 15991 | Lair:3   | You fall into a shaft and drop 2 floors!
 15991 | Lair:5   | Entered Level 5 of the Lair of Beasts
 16704 | Lair:4   | Noticed a dire elephant
 16717 | Lair:4   | Killed a dire elephant
 16718 | Lair:4   | Reached skill level 15 in Ranged Weapons
 16865 | Lair:3   | Found a staircase to the Shoals.
 17224 | Lair:3   | Identified the +0 helmet of the Frog {rPois Str+2}
 17496 | Lair:4   | Noticed Urug
 17506 | Lair:4   | Killed Urug
 17780 | Lair:4   | Noticed Rupert
 17794 | Lair:4   | Killed Rupert
 17795 | Lair:4   | Reached XP level 14. HP: 54/127 MP: 13/13
 17800 | Lair:4   | HP: 6/127 [poisoned by Rupert]
 18462 | Lair:5   | Found a staircase to the Slime Pits.
 20292 | D:11     | You fall into a shaft and drop 2 floors!
 20600 | D:12     | Identified the +1 long sword of Dissolution {freeze, rPois
                  | rC+ Will+}
 21085 | D:12     | Found Foulepey's Jewellery Boutique.
 21102 | D:12     | Found a broken altar of Ashenzari.
 21377 | D:12     | Reached skill level 10 in Evocations
 21766 | D:12     | Reached XP level 15. HP: 138/138 MP: 14/14
 22615 | D:12     | Identified the +0 ring mail "Dotupnud" {Str+3 Dex-5 SInv}
 23065 | D:12     | Found a staircase to the Orcish Mines.
 23075 | Orc:1    | Entered Level 1 of the Orcish Mines
 23316 | Orc:2    | Entered Level 2 of the Orcish Mines
 23316 | Orc:2    | Found a staircase to the Elven Halls.
 23591 | Orc:1    | You fall into a shaft and drop 1 floor!
 23719 | Orc:1    | Received a gift from Trog
 23970 | Orc:2    | Found an iron altar of Okawaru.
 23983 | Orc:2    | Upgraded the game from 0.29-a0-902-g0f71de6fce to
                  | 0.29-a0-911-g88e6f02907
 24088 | Orc:2    | Noticed an orc warlord
 24100 | Orc:2    | Killed an orc warlord
 24136 | Orc:2    | Found Soepirch's Antique Armour Shop.
 24143 | Orc:2    | Found Butwaen's Antique Weapon Boutique.
 24154 | Orc:2    | Bought a pair of glowing boots for 240 gold pieces
 24302 | Orc:2    | Found Famp's Antique Weapon Emporium.
 24929 | Orc:2    | Found Pic Zote's Magic Scroll Shop.
 24970 | Orc:2    | Bought a scroll of identify for 22 gold pieces
 24970 | Orc:2    | Bought 2 scrolls of identify for 44 gold pieces
 24970 | Orc:2    | Bought a scroll of identify for 22 gold pieces
 24970 | Orc:2    | Bought a scroll of identify for 22 gold pieces
 24977 | Orc:2    | Reached XP level 16. HP: 147/147 MP: 15/15
 25105 | Orc:2    | Received a gift from Trog
 25422 | D:13     | Found a gate to the Vaults.
 25483 | D:13     | Reached skill level 1 in Stealth
 26364 | D:14     | Reached skill level 15 in Fighting
 26516 | D:14     | Noticed Jorgrun
 26527 | D:14     | Killed Jorgrun
 26803 | D:14     | Reached skill level 5 in Dodging
 26819 | D:14     | HP: 3/149 [spore (28)]
 26819 | D:14     | Hit by a large rock thrown by a cyclops

Illustrated notes

Levels and vault maps discovered:
D:1:      scummos_arrival_star, layout_rooms, serial_shops, nicolae_shop_trees,
          ebering_ecumenical_altar_webs, chequers_arboretum
D:2:      layout_basic, kennysheep_generic_room_6
D:3:      layout_basic, amethyst_overflow_temple_binary,
          hellmonk_ghost_happy_afterlife, uniq_robin, uniq_ijyb
D:4:      layout_basic, nemelex_diamond_rough_becter
D:5:      layout_gridville, pdpol_wu_jian_five_deadly_venoms, temple_pool_b,
          minmay_statues_item
D:6:      minmay_goblin_kobold_castle, layout_basic,
          grunt_temple_overflow_gold_and_silver, minmay_misc_feat_four_crosses
D:7:      layout_basic, grunt_qazlal_sundering, uniq_prince_ribbit1
D:8:      layout_basic, enter_bailey_3, serial_shops, shop
D:9:      layout_rooms, grunt_lair_entry_orc_guard_hut, serial_shops,
          nicolae_shop_bloodbath_and_beyond, uniq_psyche, uniq_harold,
          uniq_erica, uniq_maurice
D:10:     layout_basic, uniq_joseph
D:11:     layout_loops_ring
D:12:     nzn_winding_woodlands_three_and_one
          [nzn_winding_woodlands_5x15_sidewinder,
          nzn_winding_woodlands_5x15_default, nzn_winding_woodlands_5x15_parted,
          nzn_winding_woodlands_center_garden], layout_loops_ring,
          hiddenorc2_lemuel, serial_shops, nicolae_shop_crystal,
          nicolae_ashenzari_skybound
D:13:     layout_rooms, david_vaults_2
D:14:     layout_roguey, wad_scary_box, uniq_jorgrun
Lair:1:   layout_chaotic_city
Lair:2:   layout_roguey [special_room_bee]
Lair:3:   layout_chaotic_city, shoals_dummy_entry, dummy_spider_entry,
          portal_ice_cave_entry_pillars_1, minmay_lair_oklob_bushes,
          uniq_amaemon
Lair:4:   beast_lair_carwin_large_4, layout_regular_city, nzn_random_ring,
          grunt_megastairs_3, uniq_urug, uniq_rupert
Lair:5:   grunt_lair_end_beastmaster, layout_hall_layers,
          dpeg_slime_entry_corner
Orc:1:    layout_diamond_mine
Orc:2:    grunt_orc_community_town_hall, layout_diamond_mine,
          grunt_orc_community_big_house_1, grunt_orc_community_big_house_1,
          grunt_orc_community_house_3, grunt_orc_community_house_1,
          grunt_orc_community_house_2, grunt_orc_community_house_1,
          grunt_orc_community_house_1, okawaru_metal_pillars_3

Skill      XL: |  1  2  3  4  5  6  7  8  9 10 11 12 13 14 15 16 |
---------------+-------------------------------------------------+-----
Axes           | 4 5 6 7 9 11 12 14 15 17 18 | 18.0
Fighting       | 4 5 6 7 8 9 10 11 12 14 15 | 15.2
Ranged Weapons | 1 2 3 4 5 7 9 11 12 14 15 17 18 | 18.2
Evocations     | 1 2 4 5 6 7 8 10 | 10.8
Throwing       | 2 4 |  4.1
Dodging        | 3 5 |  5.2
Stealth        | 2 |  2.9
Armour         | |  2.4

Action                   |  1- 3 |  4- 6 |  7- 9 | 10-12 | 13-15 | 16-18 || total
-------------------------+-------+-------+-------+-------+-------+-------++-------
Melee: Hand axe          |    78 |    12 |       |       |       |       ||    90
       Headbutt          |     5 |     4 |    26 |    64 |    89 |     8 ||   196
       Punch             |     2 |     1 |     1 |       |     2 |       ||     6
       War axe           |       |    64 |   171 |    12 |       |       ||   247
       Dire flail        |       |       |    14 |    28 |     8 |       ||    50
       Broad axe         |       |       |       |   271 |    98 |       ||   369
       Battleaxe         |       |       |       |       |   232 |    53 ||   285
 Fire: Sling             |    60 |     4 |       |       |       |       ||    64
       Arbalest          |       |    45 |   132 |   120 |   329 |    57 ||   683
Throw: Stone             |     3 |       |       |       |       |       ||     3
       Dart              |       |       |     6 |    14 |    12 |       ||    32
       Throwing net      |       |       |       |     1 |       |       ||     1
       Boomerang         |       |       |       |       |     2 |       ||     2
       Javelin           |       |       |       |       |     2 |       ||     2
Invok: Berserk           |     4 |     5 |     7 |    10 |    13 |     2 ||    41
       Trog's Hand       |       |     3 |     6 |    12 |    14 |     3 ||    38
Evoke: Wand              |       |     1 |     3 |     5 |     1 |       ||    10
  Use: Scroll            |     1 |     3 |     7 |    16 |    12 |     5 ||    44
       Potion            |       |       |       |     3 |     4 |       ||     7
 Stab: Held in net/web   |     1 |       |       |       |       |       ||     1
       Paralysed         |       |     1 |       |     3 |       |       ||     4
       Invisible         |       |       |       |     2 |     3 |       ||     5
Armor: Animal skin       |     8 |       |       |       |       |       ||     8
       Ring mail         |    25 |     6 |       |       |       |       ||    31
       Chain mail        |       |    66 |    76 |   206 |   237 |    47 ||   632
       Plate armour      |       |       |       |    63 |       |       ||    63
Dodge: Dodged            |    47 |    49 |   127 |   168 |   144 |    25 ||   560
Block: Other             |       |       |    36 |    96 |    45 |     9 ||   186
       Reflection        |       |       |     5 |     5 |     4 |     1 ||    15

Table legend: (Time is in decaauts)
 A = Elapsed time spent in this place.
 B = Non-inter-level travel time spent in this place.
 C = Inter-level travel time spent in this place.
 D = Time resting spent in this place.
 E = Time spent auto-exploring this place.
 F = Levels seen in this place.
 G = Mean time per level.
                   A        B        C        D        E       F      G
               +--------+--------+--------+--------+--------+-----+--------+
         Total |  27408 |  26270 |   1138 |   7632 |  13214 |  23 | 1191.7 |
       Dungeon |  17226 |  16332 |    894 |   4350 |   8946 |  14 | 1230.4 |
          Lair |   5947 |   5789 |    158 |   1073 |   3506 |   5 | 1189.4 |
  Orcish Mines |   2153 |   2067 |     86 |    819 |    661 |   2 | 1076.5 |
        Bailey |    592 |    592 |      0 |    321 |     70 |   1 |  592.0 |
      Ice Cave |   1489 |   1489 |      0 |   1066 |     31 |   1 | 1489.0 |
               +--------+--------+--------+--------+--------+-----+--------+

Top non-repeatable levels by time:
    D:12: 2518 daAuts
     D:7: 1838 daAuts
     D:6: 1796 daAuts
  Lair:5: 1767 daAuts
   IceCv: 1489 daAuts
  Lair:4: 1465 daAuts
    D:10: 1461 daAuts
   Orc:2: 1418 daAuts
     D:2: 1408 daAuts
     D:8: 1280 daAuts
    D:11: 1010 daAuts
     D:4: 998 daAuts
     D:3: 976 daAuts
  Lair:2: 971 daAuts
    D:13: 940 daAuts
